 Dungeon Crawl Stone Soup version 0.28.0-53-g5a82cb258f (webtiles) character file.

Game seed: 5990013091974495471

631 Peloso the Slasher (level 7, -1/60 HPs)
             Began as a Minotaur Fighter on July 28, 2022.
             Was an Initiate of Okawaru.
             Succumbed to a water moccasin's poison
             ... in the Ecumenical Temple.
             The game lasted 00:07:03 (4114 turns).

Peloso the Slasher (Minotaur Fighter)               Turns: 4114, Time: 00:07:04

Health: -1/60      AC: 11    Str: 21    XL:     7   Next: 24%
Magic:  6/6        EV:  8    Int:  5    God:    Okawaru [......]
Gold:   182        SH:  5    Dex: 11    Spells: 6/6 levels left

rFire   . . .      SeeInvis .   a - +1 long sword
rCold   . . .      Faith    .   c - +0 buckler
rNeg    . . .      Spirit   .   h - +1 chain mail
rPois   .          Reflect  .   (helmet restricted)
rElec   .          Harm     .   (no cloak)
rCorr   .          Rampage  .   (no gloves)
Will    .....                   (no boots)
Stlth   ..........              (no amulet)
HPRegen 0.20/turn               (no ring)
MPRegen 0.10/turn               (no ring)

@: lethally poisoned (-1 -> -12)
A: horns 2, retaliatory headbutt
a: Renounce Religion


You were in the Ecumenical Temple.
You worshipped Okawaru.
Okawaru was noncommittal.
You visited 2 branches of the dungeon, and saw 6 of its levels.

You collected 182 gold pieces.

Inventory:

Hand Weapons
 a - a +1 long sword (weapon)
Armour
 b - a +0 scale mail
 c - a +0 buckler (worn)
 h - a +1 chain mail (worn)
Scrolls
 j - 2 scrolls of enchant armour
 m - a scroll of blinking
 q - a scroll of teleportation
Potions
 d - a potion of might
 e - 2 potions of degeneration {unknown}
 f - 3 potions of lignification {unknown}
 g - a potion of heal wounds {unknown}
 i - a potion of flight {unknown}
 k - a potion of mutation {unknown}
 n - a potion of resistance {unknown}
 o - a potion of attraction {unknown}


   Skills:
 + Level 4.8 Fighting
 + Level 6.1 Long Blades
 + Level 5.8 Armour
 + Level 2.9 Dodging
 + Level 0.3 Stealth
 + Level 4.8 Shields


You had 6 spell levels left.
You didn't know any spells.
Your spell library contained the following spells:

 Spells                   Type           Power      Damage    Failure   Level
 Blink                    Tloc           0%         N/A       100%        2
 Poisonous Vapours        Pois/Air       0%         N/A       100%        2
 Spider Form              Tmut/Pois      0%         N/A       100%        3
 Manifold Assault         Tloc           0%         N/A       100%        5
 Storm Form               Tmut/Air       0%         N/A       100%        7
 Fire Storm               Conj/Fire      0%         5d1       100%        9


Dungeon Overview and Level Annotations

Branches:
Dungeon (5/15)             Temple (1/1) D:5

Altars:
Elyvilon
Hepliaklqana
Kikubaaqudgha
Okawaru
Sif Muna
Vehumet
The Shining One

Annotations:
D:3 1 runed translucent door, Crazy Yiuf
D:4 Eustachio


Innate Abilities, Weirdness & Mutations

You have a pair of horns on your head.
You reflexively headbutt those who attack you in melee.


Message History

The water moccasin closely misses you. The water moccasin misses you.
You see here a +0 robe.
The water moccasin barely misses you. The water moccasin bites you.
The water moccasin bites you.
The water moccasin bites you but does no damage.
The water moccasin bites you. You block the water moccasin's attack.
Things that are here:
a +0 shortbow; 25 arrows; a centaur corpse You block the hound's attack.
The hound bites you but does no damage. The hound misses you.
The water moccasin bites you but does no damage.
You enter the shallow water.
Moving in this stuff is going to be slow.
The water moccasin bites you but does no damage.
You block the water moccasin's attack. The water moccasin bites you.
You are poisoned.
The water moccasin poisons you!
There is a staircase to the Ecumenical Temple here.
You feel very sick. You block the water moccasin's attack. The hound bites you.
The water moccasin bites you.
* * * LOW HITPOINT WARNING * * *
You are lethally poisoned!
The water moccasin poisons you!
You climb downwards.
Welcome back to the Ecumenical Temple!
* * * LOW HITPOINT WARNING * * *
You feel extremely sick.
There is a staircase back to the Dungeon here.
* * * LOW HITPOINT WARNING * * *
You feel very sick. The hound barely misses you. You furiously retaliate!
You headbutt the hound! The hound bites you but does no damage.
* * * LOW HITPOINT WARNING * * *
You feel very sick.
You die...

##################
.......@.Sh.......
##########..#####.
#..'..#...#
#..#..'._.#
#+#######..#...#
#.#._#..#.######
##+##.#..#._#.#..._#
+#..⌠..#'##..#.#....#
...........#'##.'....#


You could see a water moccasin and a hound.

Vanquished Creatures
  An ogre (D:5)
  A centaur (D:5)
  A gnoll sergeant (D:5)
  5 hounds
  A gnoll shaman (D:4)
  2 iguanas (D:5)
  A hound skeleton (D:5)
  6 gnolls
  4 adders
  An ufetubus (D:5)
  3 dart slugs
  4 endoplasms
  2 giant cockroaches (D:3)
  10 goblins
  5 hobgoblins
  5 jackals
  2 kobolds
  4 quokkas
  7 ball pythons
  6 bats
  3 frilled lizards
  6 rats
80 creatures vanquished.

Vanquished Creatures (others)
  4 fungi (D:3)
4 creatures vanquished.

Grand Total: 84 creatures vanquished

Notes
Turn   | Place    | Note
-------+----------+-------------------------------------------
     0 | D:1      | Peloso the Minotaur Fighter began the quest for the Orb.
     0 | D:1      | Reached XP level 1. HP: 19/19 MP: 0/0
   506 | D:1      | Got the Volume of Envenoming and Ignition
   562 | D:1      | Reached XP level 2. HP: 15/27 MP: 1/1
   961 | D:1      | Reached skill level 3 in Long Blades
   961 | D:1      | Reached XP level 3. HP: 22/33 MP: 2/2
  2247 | D:3      | Reached XP level 4. HP: 31/40 MP: 3/3
  2438 | D:3      | Reached skill level 4 in Long Blades
  2584 | D:3      | Reached skill level 1 in Dodging
  2768 | D:3      | Found a runed translucent door.
  2769 | D:3      | Noticed Crazy Yiuf
  3020 | D:4      | Reached skill level 5 in Armour
  3020 | D:4      | Reached XP level 5. HP: 44/46 MP: 4/4
  3183 | D:4      | Noticed Eustachio
  3461 | D:5      | Entered Level 5 of the Dungeon
  3465 | D:5      | Noticed an ogre
  3476 | D:5      | Killed an ogre
  3477 | D:5      | Reached skill level 5 in Long Blades
  3477 | D:5      | Reached XP level 6. HP: 16/52 MP: 5/5
  3708 | D:5      | Identified the +10 hand axe of Duty {drain, Will- MP+9
                  | Str-4 Int+8}
  3869 | D:5      | Found a staircase to the Ecumenical Temple.
  3878 | Temple   | Entered the Ecumenical Temple
  3913 | Temple   | Became a worshipper of Warmaster Okawaru
  3953 | D:5      | Reached XP level 7. HP: 48/60 MP: 6/6
  4070 | D:5      | Reached skill level 6 in Long Blades
  4113 | Temple   | HP: 2/60 [poisoned by a water moccasin]
  4114 | Temple   | Succumbed to a water moccasin's poison

Illustrated notes

Levels and vault maps discovered:
D:1:      nagdon_arrival_zigzag_paths, layout_basic
D:2:      layout_basic
D:3:      layout_basic, minmay_close_crescents, uniq_crazy_yiuf_cottage
D:4:      cheibrodos_barr_body, layout_loops_ring, serial_shops,
          nicolae_stop_n_shop_1, uniq_eustachio
D:5:      layout_rooms, minmay_temple_entry_mist, wad_floor_pattern_untrapped,
          uniq_ijyb
Temple:   bh_familiar_temple

Skill      XL: |  1  2  3  4  5  6  7 |
---------------+----------------------+-----
Armour         | 4 5 |  5.8
Long Blades    | 3 4 5 6 |  6.1
Shields        | 4 |  4.8
Fighting       | 4 |  4.8
Dodging        | 1 2 |  2.9
Stealth        | |  0.3

Action                   |  1- 3 |  4- 6 |  7- 9 || total
-------------------------+-------+-------+-------++-------
Melee: Long sword        |   100 |   107 |    26 ||   233
       Headbutt          |    11 |    19 |     3 ||    33
  Use: Scroll            |     5 |     2 |       ||     7
Armor: Scale mail        |    38 |       |       ||    38
       Chain mail        |    22 |    86 |    18 ||   126
Dodge: Dodged            |    46 |    49 |    22 ||   117
Block: Buckler           |    18 |    22 |    17 ||    57
